 Dungeon Crawl Stone Soup version 0.23.0-33-g5e6c059 (webtiles) character file.

Game seed: 10439754737563720078

368 ohad the Changer (level 6, -1/38 HPs)
             Began as an Octopode Transmuter on Feb 26, 2019.
             Slain by an orc priest
             ... wielding a +0 dagger
              (4 damage)
             ... on level 4 of the Dungeon.
             The game lasted 00:09:28 (3763 turns).

ohad the Changer (Octopode Transmuter)              Turns: 3763, Time: 00:09:29

Health: -1/38      AC:  1    Str:  9    XL:     6   Next: 69%
Magic:  7/9        EV: 13    Int: 17    God:
Gold:   205        SH:  0    Dex: 13    Spells: 3/9 levels left

rFire    . . .     SeeInvis .     - Unarmed
rCold    . . .     Gourm    .   (no shield)
rNeg     . . .     Faith    .   (helmet restricted)
rPois    .         Spirit   .   (no amulet)
rElec    .         Reflect  .   (no ring)
rCorr    .         Harm     .   (no ring)
MR       .....                  (no ring)
Stlth    ++........             (no ring)
HPRegen  0.12/turn              (no ring)
MPRegen  0.11/turn              (no ring)
                                (no ring)
                                (no ring)

@: no status effects
A: almost no armour, stealthy swim, amphibious, 8 rings, constrict 8, camouflage
1, gelatinous body 1
a: no special abilities


You were on level 4 of the Dungeon.
You were not hungry.

You visited 1 branch of the dungeon, and saw 4 of its levels.

You collected 205 gold pieces.

Inventory:

Hand Weapons
 o - a +1 hand axe of draining
Missiles
 a - 60 arrows
 n - 57 poisoned needles
Armour
 h - a +0 buckler
Scrolls
 e - a scroll of blinking {unknown}
 g - a scroll of enchant weapon {unknown}
 k - 8 scrolls of identify {unknown}
 m - a scroll of teleportation {unknown}
 r - a scroll of remove curse {unknown}
Potions
 d - a potion of agility {unknown}
 f - 3 potions of resistance {unknown}
 i - a potion of curing {unknown}
 j - a potion of cancellation {unknown}
 l - a potion of berserk rage {unknown}
 p - a potion of lignification {unknown}
 q - a potion of flight {unknown}
Comestibles
 b - a chunk of flesh
 c - 9 rations


   Skills:
 - Level 1.0 Fighting
 - Level 2.0 Dodging
 - Level 3.0 Unarmed Combat
 - Level 2.0 Spellcasting
 + Level 6.9 Transmutations


You had 3 spell levels left.
You knew the following spells:

 Your Spells              Type           Power        Failure   Level  Hunger
a - Beastly Appendage     Tmut           ####..       1%          1    #......
b - Sticks to Snakes      Tmut           ####....     1%          2    ###....
c - Spider Form           Tmut/Pois      ##........   14%         3    ###....

Your spell library contained the following spells:

 Spells                   Type           Power        Failure   Level  Hunger
 Blade Hands              Tmut           ####......   30%         5    ######.
 Ice Form                 Ice/Tmut       ##......     43%         4    #####..


Dungeon Overview and Level Annotations

Branches:
Dungeon (4/15)
 Temple: D:4-7

Altars:
Trog
Vehumet


Innate Abilities, Weirdness & Mutations

You cannot wear most types of armour.
You are very stealthy in the water. (Stealth+)
You are amphibious.
You can wear up to eight rings at the same time.
You can use your tentacles to constrict eight enemies at once.
Your skin changes colour to match your surroundings (Stealth+).
Your rubbery body absorbs attacks. (AC +1, EV +1)


Message History

A puff of frost appears from out of thin air!
The puff of frost misses you.
You hit something. You hit something. Something hits you but does no damage.
You barely miss something. Something hits you.
The orc priest looks encouraged for a moment.
Something hits you.
You bite the orc priest!
The orc priest is heavily wounded.
Something hits you.
The orc priest invokes the aid of Beogh against you.
Beogh smites you!
* * * LOW HITPOINT WARNING * * *
You hit the orc priest.
The orc priest is poisoned.
The orc priest is severely wounded.
Your transformation has ended.
Something hits you!
* * * LOW HITPOINT WARNING * * *
The orc priest hits you with a +0 dagger.
You die...

#.# ## #.# .. #..
.. ##.# .. ..# ..
#.# ##
##########.#######
#.)............)..
#@#####...........
#o# #........###
#.# #...........
#.# #...>...)...
#.# #...........
#.# #........###
#.# .........# ..#
..........#
........#


You could see an orc priest.

Vanquished Creatures
  An ogre (D:4)
  A howler monkey (D:4)
  A hound (D:4)
  An orc priest (D:2)
  Jessica (D:3)
  2 orc wizards
  Robin (D:2)
  A gnoll (D:1)
  An adder (D:3)
  2 worms (D:2)
  2 dart slugs (D:1)
  3 leopard geckos
  7 orcs
  6 bats
  2 giant cockroaches
  8 goblins
  14 hobgoblins
  2 jackals (D:4)
  3 quokkas (D:3)
  3 ball pythons
  6 frilled lizards
  9 kobolds
  A quokka skeleton (D:4)
  5 rats
83 creatures vanquished.

Notes
Turn   | Place    | Note
-------+----------+-------------------------------------------
     0 | D:1      | ohad the Octopode Transmuter began the quest for the Orb.
     0 | D:1      | Reached XP level 1. HP: 13/13 MP: 3/3
   297 | D:1      | Reached XP level 2. HP: 18/18 MP: 5/5
   463 | D:1      | Reached skill level 3 in Transmutations
   719 | D:1      | Learned a level 2 spell: Sticks to Snakes
   739 | D:1      | Reached XP level 3. HP: 13/23 MP: 6/6
  1528 | D:2      | Reached skill level 4 in Transmutations
  1538 | D:2      | Learned a level 3 spell: Spider Form
  1589 | D:2      | Found a faded altar of an unknown god.
  1737 | D:2      | Reached XP level 4. HP: 27/28 MP: 4/7
  1801 | D:2      | Noticed Robin
  2166 | D:2      | Killed Robin
  2344 | D:2      | Found a bloodstained altar of Trog.
  2344 | D:2      | Found a radiant altar of Vehumet.
  2444 | D:3      | Reached skill level 5 in Transmutations
  2457 | D:2      | Reached XP level 5. HP: 15/33 MP: 6/8
  2639 | D:3      | Noticed Jessica
  2647 | D:3      | Killed Jessica
  2761 | D:3      | Reached skill level 6 in Transmutations
  3146 | D:3      | Reached XP level 6. HP: 36/38 MP: 9/9
  3763 | D:4      | Slain by an orc priest

Skill      XL: |  1  2  3  4  5 |
---------------+----------------+-----
Transmutations | 3 4 5 6 |  6.9
Fighting       | |  1.0
Dodging        | |  2.0
Unarmed Combat | |  3.0
Spellcasting   | |  2.0

Action                   |  1- 3 |  4- 6 || total
-------------------------+-------+-------++-------
Melee: Unarmed           |    75 |   135 ||   210
       Constrict         |    15 |    15 ||    30
       Tentacles         |    13 |     8 ||    21
       Kick              |    13 |     2 ||    15
       Punch             |       |     1 ||     1
 Cast: Beastly Appendage |    15 |     3 ||    18
       Spider Form       |     2 |    10 ||    12
       Sticks to Snakes  |       |     5 ||     5
 Stab: Sleeping          |     7 |     9 ||    16
  Eat: Chunk             |     3 |     9 ||    12
Armor: Skin              |     9 |    10 ||    19
Dodge: Dodged            |    44 |    82 ||   126
